 Dungeon Crawl Stone Soup version 0.22.1-2-g9c5b331 (webtiles) character file.

340 Goblin1989 the Sneak (level 6, -3/42 HPs)
             Began as an Octopode Berserker on Dec 6, 2018.
             Was a Believer of Trog.
             Slain by an orc warrior
             ... wielding a +0 glaive
              (14 damage)
             ... on level 5 of the Dungeon.
             The game lasted 00:11:05 (4296 turns).

Goblin1989 the Sneak (Octopode Berserker)           Turns: 4296, Time: 00:11:05

Health: -3/42      AC:  1    Str: 16    XL:     6   Next: 56%
Magic:  6/6        EV: 14    Int:  9    God:    Trog [**....]
Gold:   177        SH:  0    Dex: 14    Spells: 5/5 levels left

rFire    . . .     SeeInvis .   a - +0 short sword
rCold    . . .     Gourm    .   (no shield)
rNeg     . . .     Faith    +   (helmet restricted)
rPois    +         Spirit   .   D - amulet of faith {!P}
rElec    .         Reflect  .   o - ring of poison resistance
rCorr    .         Harm     .   (no ring)
MR       .....                  (no ring)
Stlth    +++++.....             (no ring)
HPRegen  0.14/turn              (no ring)
MPRegen  0.10/turn              (no ring)
                                (no ring)
                                (no ring)

@: no status effects
A: almost no armour, stealthy swim, amphibious, 8 rings, constrict 8, camouflage
1, gelatinous body 1
a: Berserk, Trog's Hand, Renounce Religion


You were on level 5 of the Dungeon.
You worshipped Trog.
Trog was pleased with you.
You were not hungry.

You visited 1 branch of the dungeon, and saw 5 of its levels.

You collected 177 gold pieces.

Inventory:

Hand Weapons
 a - a +0 short sword (weapon)
 A - a +0 hunting sling
 V - a +0 whip of distortion {!w}
Missiles
 f - 22 poisoned needles
 m - 140 stones (quivered) {@Q3}
 u - 12 bolts
Jewellery
 o - a ring of poison resistance (left tentacle)
 D - an amulet of faith (around mantle) {!P}
Scrolls
 g - a scroll of fog {unknown}
 j - 2 scrolls of enchant armour {unknown}
 w - a scroll of amnesia {unknown}
 y - a scroll of immolation {unknown}
 F - a scroll of enchant weapon {unknown}
 T - 3 scrolls of teleportation {!r, @r2}
Potions
 h - a potion of invisibility {unknown}
 n - 2 potions of berserk rage {unknown}
 p - 3 potions of haste
 q - 2 potions of flight
 r - a potion of magic {unknown}
 s - 3 potions of curing {@q1}
 t - a potion of might {unknown}
 v - 2 potions of heal wounds {unknown}
 C - a potion of cancellation {unknown}
Comestibles
 e - 4 rations
 U - 5 chunks of flesh


   Skills:
 - Level 3.0 Fighting
 + Level 4.3 Short Blades
 - Level 3.0 Dodging
 - Level 7.9 Stealth


You had 5 spell levels left.
You didn't know any spells.
Your spell library was empty.

Dungeon Overview and Level Annotations

Branches:
Dungeon (5/15)
 Temple: D:4-7

Altars:
Ashenzari
Elyvilon
Sif Muna
Vehumet
The Shining One

Annotations:
D:3 exclusion: orc priest
D:4 exclusion: ice beast
D:5 exclusion: ogre


Innate Abilities, Weirdness & Mutations

You cannot wear most types of armour.
You are very stealthy in the water. (Stealth+)
You are amphibious.
You can wear up to eight rings at the same time.
You can use your tentacles to constrict eight enemies at once.
Your skin changes colour to match your surroundings (Stealth+).
Your rubbery body absorbs attacks. (AC +1, EV +1)


Message History

You now have 23/42 hp.
You hit the gnoll but do no damage. You grab the gnoll.
You squeeze the gnoll, but do no damage.
The gnoll is severely wounded.
You constrict the gnoll. The gnoll barely misses you.
You hit the gnoll but do no damage.
You squeeze the gnoll, but do no damage.
The gnoll is almost dead.
You constrict the gnoll.
You kill the gnoll!
Trog accepts your kill. The dart slug launches a dart at you.
The slug dart hits you!
* * * LOW HITPOINT WARNING * * *
You take 5 damage, and have 18/42 hp.
Your skin crawls.
You feel resistant to hostile enchantments.
You feel somewhat more hungry.
You regained 2 hp, and now have 21/42 hp.
You hit the dart slug. You grab the dart slug.
The dart slug is moderately wounded.
You constrict the dart slug.
The dart slug bites you but does no damage.
You hit the dart slug but do no damage. You squeeze the dart slug.
The dart slug is almost dead.
You constrict the dart slug.
You kill the dart slug!
Trog accepts your kill.
You regained 2 hp, and now have 24/42 hp.
Items here: ( )) [ †† You regained 2 hp, and now have 26/42 hp.
You butcher the dart slug corpse.
U - 2 chunks of flesh
Items here: ( )) [ † a flail x2; a robe; 14 arrows; a gnoll corpse You regained 3 hp, and now have 29/42 hp.
You butcher the gnoll corpse.
U - 4 chunks of flesh (gained 2)
Items here: ( )) [ a flail x2; a robe; 14 arrows You regained 3 hp, and now have 32/42 hp.
You regained 2 hp, and now have 34/42 hp.
You feel the effects of Trog's Hand fading.
You regained 2 hp, and now have 36/42 hp.
Things that are here:
a whip of distortion {!w}; a gnoll corpse You butcher the gnoll corpse.
U - 7 chunks of flesh (gained 3)
You see here a whip of distortion {!w}.
Your skin stops crawling.
You feel less resistant to hostile enchantments.
You regained 2 hp, and now have 39/42 hp.
V - a whip of distortion {!w} You are near starving!
Unknown command.
Eating one of 7 chunks of flesh.
You eat one of the 7 chunks of flesh.
This raw flesh tastes terrible.
You are feeling hungry.
Eating one of 6 chunks of flesh.
You eat one of the 6 chunks of flesh.
This raw flesh tastes terrible.
You feel yourself speed up.
HP restored.
You recover from your berserk rage.
Items here: ( )) [ a flail x2; a robe; 14 arrows The gnoll is too close now for your liking.
Health restored: 42 Unknown command.
There is a stone staircase leading down here.
An orc wizard comes into view. It is wielding a dagger.
An orc warrior comes into view. It is wielding a glaive.
The gnoll shouts!
You hear a shout!
The gnoll closely misses you.
The orc wizard shouts!
You hit the gnoll but do no damage. You grab the gnoll.
You constrict the gnoll.
The orc warrior hits you from afar with a glaive!!
Ouch! That really hurt!
* * * LOW HITPOINT WARNING * * *
The gnoll hits you with a halberd.
* * * LOW HITPOINT WARNING * * *
You take 34 damage, and have 8/42 hp.
MASSIVE DAMAGE!!
You release your grip on the gnoll.
The gnoll closely misses you.
The orc wizard casts a spell.
The orc wizard seems to speed up.
An orc wizard comes into view. It is wielding a dagger.
There is a stone staircase leading down here.
The orc wizard casts a spell.
The orc wizard blinks!
The orc wizard begins to cast a cantrip, but forgets the words!
Items here: ( )) [ a flail x2; a robe; 14 arrows The orc wizard gestures wildly while chanting.
The orc wizard blinks!
The orc wizard mumbles some strange words.
The orc wizard flickers and vanishes!
Deactivating autopickup; reactivate with Ctrl-A.
There is a stone staircase leading up here.
The orc warrior hits you from afar with a glaive!
You die... █.█ █████.█ █>███

█...... █...█ █......
█...█ █......
█████...███████████......
█........g.g{.)....>..█∆█
█.......o████████████.█.█
█........█ █.█.█
█.......@█ ███████.█..
█........█ █.....█.█..
█........█ ████.....█.█.█
█........█ █........█.█.█
█........█ █.██.....█.█.█
█........█ █<██.....█.█


██████████ █.██.....█ █████████.██.....█ █.......█.██.....█ You could see an orc
warrior and a gnoll.

Vanquished Creatures
  A crocodile (D:4)
  A hound (D:4)
  3 worker ants
  A hound skeleton (D:5)
  4 gnolls (D:5)
  4 adders
  An ooze (D:1)
  An adder skeleton (D:4)
  3 worms
  2 dart slugs
  2 orcs (D:3)
  6 bats
  6 giant cockroaches
  8 goblins
  6 hobgoblins
  2 jackals (D:4)
  7 kobolds
  A ball python (D:3)
  3 frilled lizards
  A leopard gecko skeleton (D:5)
  A quokka skeleton (D:4)
  4 rats
68 creatures vanquished.

Notes
Turn   | Place    | Note
-------+----------+-------------------------------------------
     0 | D:1      | Goblin1989 the Octopode Berserker began the quest for the
                  | Orb.
     0 | D:1      | Reached XP level 1. HP: 16/16 MP: 1/1
   111 | D:1      | Reached skill level 1 in Stealth
   234 | D:1      | Reached skill level 2 in Stealth
   249 | D:1      | Reached XP level 2. HP: 13/21 MP: 2/2
   527 | D:1      | Reached skill level 3 in Stealth
   974 | D:1      | Reached XP level 3. HP: 26/26 MP: 3/3
  1337 | D:2      | Reached skill level 4 in Stealth
  1400 | D:2      | Found a glowing golden altar of the Shining One.
  1452 | D:2      | Found a deep blue altar of Sif Muna.
  1580 | D:2      | Found a radiant altar of Vehumet.
  2027 | D:3      | Found a shattered altar of Ashenzari.
  2230 | D:3      | Reached skill level 5 in Stealth
  2230 | D:3      | Reached XP level 4. HP: 18/31 MP: 4/4
  2453 | D:3      | Reached ** piety under Trog
  2644 | D:3      | Found a white marble altar of Elyvilon.
  2662 | D:3      | Reached skill level 6 in Stealth
  3056 | D:4      | Noticed an ice beast
  3187 | D:4      | Reached XP level 5. HP: 36/36 MP: 5/5
  3301 | D:4      | Noticed a crocodile
  3319 | D:4      | Killed a crocodile
  3319 | D:4      | Reached skill level 7 in Stealth
  3569 | D:4      | Reached XP level 6. HP: 35/42 MP: 6/6
  3824 | D:5      | Entered Level 5 of the Dungeon
  4275 | D:5      | Noticed an orc warrior
  4296 | D:5      | Slain by an orc warrior

Skill      XL: |  1  2  3  4  5  6 |
---------------+-------------------+-----
Stealth        | 2 3 5 6 7 |  7.9
Short Blades   | 4 |  4.3
Fighting       | |  3.0
Dodging        | |  3.0

Action                   |  1- 3 |  4- 6 || total
-------------------------+-------+-------++-------
Melee: Short sword       |    73 |    66 ||   139
       Constrict         |    17 |    17 ||    34
       Tentacles         |    11 |    15 ||    26
Throw: Stone             |     1 |       ||     1
Invok: Berserk           |       |     2 ||     2
       Trog's Hand       |       |     1 ||     1
  Use: Scroll            |       |     5 ||     5
 Stab: Sleeping          |     8 |     9 ||    17
       Distracted        |       |     1 ||     1
  Eat: Chunk             |     3 |    10 ||    13
Armor: Skin              |     3 |     4 ||     7
Dodge: Dodged            |    53 |    28 ||    81

Vault maps used:
D:1:      minmay_arrival_arboretum_small
D:2:      lemuel_coloured_pillars_altar, vehumet_crystals, lemuel_doored_altar,
          hangedman_feature_mirror
D:3:      elyvilon_altar_5, nicolae_ashenzari_panopticon, first_ration
D:5:      kennysheep_little_box, marbit_many_paths, kennysheep_mini_moat
